 Dungeon Crawl Stone Soup version 0.29.1-12-g30fa7ad0bf (webtiles) character file.

Game seed: 6411732032587756594

46 FexLirch the Chopper (level 3, -1/33 HPs)
             Began as a Hill Orc Cinder Acolyte on Dec 28, 2022.
             Was a High Priest of Ignis.
             Slain by a gnoll
             ... wielding a +0 halberd
              (9 damage)
             ... on level 2 of the Dungeon.
             The game lasted 00:03:52 (1282 turns).

FexLirch the Chopper (Hill Orc Cinder Acolyte)      Turns: 1282, Time: 00:03:53

Health: -1/33      AC: 11    Str: 18    XL:     3   Next: 68%
Magic:  4/4        EV: 11    Int: 14    God:    Ignis [*****.]
Gold:   22         SH:  0    Dex:  6    Spells: 4/4 levels left

rFire   + . .      SeeInvis .   a - -1 hand axe (flame)
rCold   . . .      Faith    .   (no shield)
rNeg    . . .      Spirit   .   f - +0 leather armour
rPois   .          Reflect  .   (no helmet)
rElec   .          Harm     .   g - +0 cloak
rCorr   .          Rampage  .   (no gloves)
Will    .....                   (no boots)
Stlth   +.........              (no amulet)
HPRegen 0.11/turn               (no ring)
MPRegen 0.09/turn               (no ring)

@: fiery-armoured
A: no striking features
a: Renounce Religion, Fiery Armour, Foxfire Swarm, Rising Flame


You were on level 2 of the Dungeon.
You worshipped Ignis.
Ignis was extremely pleased with you.
You visited 1 branch of the dungeon, and saw 2 of its levels.

You collected 22 gold pieces.

Inventory:

Hand Weapons
 a - a -1 hand axe of flaming (weapon)
 i - a +2 vorpal sling
Missiles
 h - 4 javelins (quivered)
Armour
 b - a +0 robe
 f - a +0 leather armour (worn)
 g - a +0 cloak (worn)
Scrolls
 c - a scroll of enchant armour {unknown}
 e - 2 scrolls of identify {unknown}
 k - a scroll of amnesia {unknown}
 l - a scroll of immolation {unknown}
Potions
 d - a potion of might {unknown}
 j - a potion of brilliance {unknown}


   Skills:
 - Level 3.6 Fighting
 * Level 6.0 Axes
 - Level 1.0 Spellcasting
 - Level 3.2 Fire Magic


You had 4 spell levels left.
You didn't know any spells.
Your spell library contained the following spells:

 Spells                   Type           Power      Damage    Failure   Level
 Scorch                   Fire           18%        2d6       12%         2


Dungeon Overview and Level Annotations

Branches:
Dungeon (2/15)

Altars:


Message History

Okay, then.
Unknown command.
A protective cloak of flame settles atop you.
The gnoll misses you.
You closely miss the gnoll.
The gnoll hits you with a +1 spear of pain.
* * * LOW HITPOINT WARNING * * *
The gnoll is burned by your cloak of flames.
The gnoll is heavily wounded.
You hit the gnoll but do no damage.
The gnoll is heavily wounded.
The gnoll barely misses you.
You closely miss the gnoll.
The gnoll is heavily wounded.
The gnoll barely misses you.
You slash the gnoll! You burn the gnoll.
You kill the gnoll!
Your Axes skill increases to level 6!
You see here a +1 spear of pain.
You start resting.
Your fiery armour burns out.
You start resting.
HP restored.
There is a stone staircase leading down here.
You climb downwards.
There is a stone staircase leading up here.
The gnoll hits you with a +0 halberd!
You hit the gnoll. You burn the gnoll.
The gnoll is moderately wounded.
The gnoll hits you with a +0 halberd.
You hit the gnoll. You burn the gnoll.
The gnoll is heavily wounded.
The gnoll hits you with a +0 halberd!
* * * LOW HITPOINT WARNING * * *
You are too injured to fight recklessly!
Okay, then.
Unknown command.
A protective cloak of flame settles atop you.
The gnoll hits you with a +0 halberd!
You die...

###...###.# ##########)....
#.....†...# #.g.gg.......##
#.#...###.# #.#########..#
#.##.## #.# #.# #..# #.##.#
#.# #.# #..#
#.##.####.######.## #..#
####.##..............##
#..#
.......†####.####g###.#####
#..# ####<##.# #.#
#@##........ ...# #†##.#
#.# ##<#.#...... ..##
#.##.####.#####....#####
#.##............>..#
#.#######.##########
#.........# ###########


You could see a gnoll.

Vanquished Creatures
  2 gnolls
  An adder (D:2)
  2 goblins (D:2)
  3 hobgoblins
  A kobold (D:1)
  3 ball pythons
  4 bats
  A frilled lizard (D:2)
  A rat (D:1)
18 creatures vanquished.

Notes
Turn   | Place    | Note
-------+----------+-------------------------------------------
     0 | D:1      | FexLirch the Hill Orc Cinder Acolyte began the quest for
                  | the Orb.
     0 | D:1      | Reached XP level 1. HP: 19/19 MP: 2/2
    14 | D:1      | Found a faded altar of an unknown god.
   520 | D:1      | Reached XP level 2. HP: 27/27 MP: 3/3
   921 | D:2      | Reached skill level 5 in Axes
   995 | D:2      | Reached XP level 3. HP: 26/33 MP: 4/4
  1040 | D:1      | Reached skill level 6 in Axes
  1282 | D:2      | Slain by a gnoll

Illustrated notes

Levels and vault maps discovered:
D:1:      roderic_dead_forest, layout_loops_ring, basic_ecumenical_altar
D:2:      layout_loops_ring

Skill      XL: |  1  2  3 |
---------------+----------+-----
Axes           | 5 6 |  6.0
Fighting       | |  3.6
Spellcasting   | |  1.0
Fire Magic     | |  3.2

Action                   || total
-------------------------++-------
Melee: Hand axe          ||    44
 Fire: Sling             ||    10
Invok: Fiery Armour      ||     2
Armor: Leather armour    ||    11
Dodge: Dodged            ||    34
